 Dungeon Crawl Stone Soup version 0.20.0-10-g0535bb4 (webtiles) character file.

163186 Lavandula the Spry (level 17, -4/128 HPs)
             Began as a Merfolk Monk on June 7, 2017.
             Was the Champion of Dithmenos.
             Slain by a wolf spider (26 damage)
             ... on level 4 of the Spider Nest.
             The game lasted 02:36:07 (41260 turns).

Lavandula the Spry (Merfolk Monk)                  Turns: 41260, Time: 02:36:07

Health: -4/128     AC: 16    Str: 15      XL:     17   Next: 82%
Magic:  26/26      EV: 31    Int:  9 (10) God:    Dithmenos [******]
Gold:   505        SH:  0    Dex: 23      Spells: 3/28 levels left

rFire    . . .     SeeInvis .   q - +6 demon trident (vamp)
rCold    . . .     Gourm    .   (no shield)
rNeg     . . .     Faith    .   I - +4 troll leather armour
rPois    +         Spirit   .   h - +1 helmet
rElec    .         Reflect  .   L - +0 cloak of the Sacrificial Victim {MR+ Str+2 Int-2}
rCorr    .         Harm     .   y - +2 pair of gloves
MR       ++...                  (boots currently unavailable)
Stlth    ++++......             m - amulet of magic regeneration
Regen    0.8/turn               s - ring of poison resistance
MPRegen  0.3/turn               V - +4 ring of slaying

@: confused, no potions, extremely horrified, wreathed by umbra, very quick
A: change form in water, swift swim, stealthy swim, agile 1, shaggy fur 1,
strong 1, inability to drink while threatened, cowardly, no earth magic, no
hexes magic, no translocations magic, reduced EV 1, unskilled 1
a: Shadow Step, Shadow Form, Renounce Religion


You were on level 4 of the Spider Nest.
You worshipped Dithmenos.
Dithmenos was exalted by your worship.
You were not hungry.

You visited 6 branches of the dungeon, and saw 32 of its levels.
You also visited: Volcano.

You collected 3225 gold pieces.
You spent 2720 gold pieces at shops.

Inventory:

Hand Weapons
 q - a +6 vampiric demon trident (weapon)
Missiles
 f - 13 throwing nets
 g - 17 javelins of penetration
 A - 17 javelins (quivered)
 S - 21 javelins of returning
Armour
 d - the +3 leather armour "Xoan" {rElec MP+9}
   (You found it on level 8 of the Dungeon)

   It insulates you from electricity.
   It affects your magic capacity (+9).
 h - a +1 helmet (worn)
 l - a +2 pair of boots (melded)
 y - a +2 pair of gloves (worn)
 E - a +0 shield
 I - a +4 troll leather armour (worn)
 L - the +0 cloak of the Sacrificial Victim (worn) {MR+ Str+2 Int-2}
   (You found it on level 7 of the Dungeon)

   It affects your strength (+2).
   It affects your intelligence (-2).
   It affects your resistance to hostile enchantments.
Magical Staves
 N - an uncursed staff of cold {unknown}
Jewellery
 m - an amulet of magic regeneration (around neck)
 o - an uncursed ring of see invisible
 s - a ring of poison resistance (left hand)
 D - an uncursed ring of protection from cold
 M - an uncursed ring of protection from magic
 V - a +4 ring of slaying (right hand)
 X - an uncursed ring of resist corrosion
Wands
 r - a wand of acid (5/15)
 t - a wand of confusion (30/48)
 u - a wand of polymorph (5/24)
 B - a wand of paralysis (7/24)
 F - a wand of acid (0/15)
Scrolls
 b - 4 scrolls of blinking
 e - 2 scrolls of fog
 j - 6 scrolls of teleportation
 w - 12 scrolls of remove curse
 H - a scroll of magic mapping
 T - a scroll of fear
 U - a scroll of amnesia
Potions
 i - 6 potions of curing
 k - 9 potions of agility
 v - 2 potions of mutation
 x - 7 potions of heal wounds
 z - 2 potions of might
 G - a potion of lignification
 J - 2 potions of invisibility
 O - 7 potions of haste
 P - 4 potions of brilliance
 R - a potion of cancellation
 W - 4 potions of ambrosia
Books
 K - the Collected Works on Creative Evil Arts
   (You found it on level 4 of the Spider Nest)

   Spells                             Type                      Level
   a - Animate Skeleton               Necromancy                   1
   b - Summon Guardian Golem          Hexes/Summoning              3
   c - Bolt of Draining               Conjuration/Necromancy       5
   d - Summon Mana Viper              Hexes/Summoning              5
   e - Shadow Creatures               Summoning                    6
Miscellaneous
 n - a fan of gales (inert)
 p - a phial of floods (inert)
Comestibles
 a - 20 fruits
 c - 16 bread rations
 C - 2 meat rations
 Q - 2 royal jellies


   Skills:
 - Level 10.2 Fighting
   Level 2.5 Short Blades
 - Level 14.0 Polearms
 - Level 9.2 Throwing
 - Level 4.1 Armour
 - Level 19.4 Dodging
 - Level 5.3 Stealth
 + Level 6.2 Shields
 - Level 6.3 Spellcasting
 - Level 4.0 Conjurations
 - Level 10.4 Summonings
 - Level 5.2 Air Magic
 - Level 4.4 Poison Magic
 - Level 5.8 Evocations


You had 3 spell levels left.
You knew the following spells:

 Your Spells              Type           Power        Failure   Level  Hunger
a - Deflect Missiles      Chrm/Air       #.........   100%        6    #######
b - Mephitic Cloud        Conj/Pois/Air  #.......     12%         3    ###....
c - Call Imp              Summ           ###.....     1%          2    ##.....
d - Summon Demon          Summ           ###.......   10%         5    ######.
e - Ozocubu's Armour      Chrm/Ice       #.......     61%         3    ###....
f - Corpse Rot            Necr           N/A          36%         2    ##.....
g - Summon Lightning Spi  Summ/Air       ##......     11%         4    ####...


Dungeon Overview and Level Annotations

Branches:
Dungeon (15/15)            Temple (1/1) D:7            Lair (6/6) D:11
 Shoals (4/4) Lair:4       Spider (4/4) Lair:2        Slime (0/5) Lair:6
    Orc (2/2) D:10            Elf (0/3) Orc:2        Vaults (0/5) D:14
 Depths (0/5) D:15

Altars:
Ashenzari
Cheibriados
Dithmenos
Elyvilon
Fedhas
Gozag
Hepliaklqana
Kikubaaqudgha
Makhleb
Nemelex Xobeh
Okawaru
Qazlal
Ru
Sif Muna
Trog
Uskayaw
Vehumet
Xom
Yredelemnul
Zin
The Shining One
Beogh
Jiyva

Shops:
D:4 =   D:10 [   Orc:2 :!((   Shoals:2 *%?

Annotations:
D:14 Azrael
Lair:3 exclusion: oklob plant
Lair:6 2 runed doors
Shoals:4 Polyphemus
Spider:1 Nikola
Spider:4 exclusion: worm, Louise


Innate Abilities, Weirdness & Mutations

You revert to your normal form in water.
You are very nimble and swift while swimming.
You are very stealthy in the water. (Stealth+)
You cannot drink potions while threatened.
Your cowardice makes you less effective in combat with threatening monsters.
You cannot study or cast Earth magic.
You cannot study or cast Hexes magic.
You cannot study or cast Translocations magic.
You have somewhat slow reflexes. (EV -5)
You are somewhat unskilled. (-1 Apt)
You are agile. (Dex +2)
You are covered in fur. (AC +1)
Your muscles are strong. (Str +2)


Message History

Okay, then.
The redback bites your water elemental. The wolf spider hits you!!
* * * LOW HITPOINT WARNING * * *
The wolf spider completely misses you. The redback bites your water elemental!
The wolf spider completely misses you. The wolf spider closely misses you.
The tarantella bites your water elemental.
The redback splashes around in the water.
Your water elemental completely misses the redback.
You reel with horror at the sight of these foes!
An orb spider comes into view.
Unknown command.
You cannot drink potions in your current state!
Unknown command.
You're too confused!
Unknown command.
Evoke which item? (* to show all) (? for menu, Esc to quit)
Okay, then.
Are you sure you want to stumble around while confused and next to your water elemental?
You bump into the rock wall.
The wolf spider hits you!!
You die...

^.^≈≈≈≈≈≈≈...^.....#..##.#..#
.##...###...#s..............#
#.#....^^#...#.....#......#.
........ss.s......^....#..#
....^....^..##.##.#.##....#
###..#####^...sy..........# #
#### #.§^..sss#≈.#...##
##...s#sE≈≈..#^=#
##...#@#.#^.# .#
#y..####.^..# #....^ ...
#...... .#. #....## .. #... #


You could see a wolf spider (berserk), a moth of wrath, 2 orb spiders, a jumping
spider, a tarantella, a redback (berserk) and a friendly water elemental.

Vanquished Creatures
  Rupert (D:14)
  Asterion (Spider:1)
  Agnes (D:15)
  Kirke (Shoals:1)
  2 emperor scorpions
  An orc warlord (Orc:2)
  A ghost moth (Spider:3)
  An entropy weaver (Spider:3)
  2 merfolk javelineers
  2 ettins
  An ice dragon (D:15)
  6 merfolk impalers
  2 fire dragons
  A great orb of eyes (Lair:4)
  Fannar (Lair:1)
  6 hydras
  4 centaur warriors
  3 catoblepae
  A merfolk avatar (Shoals:1)
  An alligator snapping turtle (Shoals:3)
  A death yak (Lair:4)
  3 merfolk aquamancers (Shoals:1)
  A death knight (D:14)
  12 two-headed ogres
  3 tengu warriors
  4 ogre magi
  The ghost of Lexie the Basher, a novice DsMo of Hepliaklqana (D:9)
  Nergalle (Orc:2)
  A deep elf knight (D:14)
  A fire crab (Lair:6)
  6 sea snakes
  A lindwurm (Lair:5)
  3 wizards
  22 harpies
  6 deep elf magi
  11 wolf spiders
  3 orc knights
  8 ugly things
  9 orb spiders
  8 fauns
  12 orc sorcerers (Orc:2)
  9 cyclopes
  9 manticores
  2 moths of wrath (Spider:1)
  A toenail golem (Volcano)
  4 black mambas
  2 water nymphs
  3 merfolk sirens
  3 torpor snails
  2 molten gargoyles (Volcano)
  2 kobold demonologists (D:14)
  3 rime drakes
  5 spiny frogs
  3 demonic crawlers
  A komodo dragon (shapeshifter) (D:12)
  A freezing wraith (D:14)
  15 komodo dragons
  3 efreet (Volcano)
  9 jumping spiders
  A harpy zombie (D:14)
  8 trolls
  16 merfolk
  A polar bear (Lair:6)
  The ghost of Naow the Cudgeler, an amateur DsMo (D:5)
  A wind drake (Shoals:3)
  13 dream sheep
  A hornet (Spider:2)
  11 blink frogs
  Prince Ribbit (D:5)
  6 snapping turtles
  9 hippogriffs
  28 redbacks
  The ghost of Zaque the Gusty, an amateur TeAE of Vehumet (D:4)
  3 wyverns
  45 yaks
  Eustachio (D:5)
  9 water elementals
  17 tarantellas
  2 shadows
  A vampire (D:13)
  5 basilisks
  A wraith (D:14)
  5 hogs (Shoals:1)
  6 fire elementals
  3 hungry ghosts
  3 vampire mosquitoes (D:13)
  3 steam dragons
  7 wargs
  Edmund (D:5)
  7 swamp worms (Spider:4)
  A soldier ant (shapeshifter) (D:13)
  A soldier ant (D:13)
  4 hell hounds
  26 water moccasins
  27 orc warriors
  2 black bears
  6 porcupines
  A sky beast (D:9)
  5 ice beasts
  A hornet zombie (D:11)
  4 necrophages
  3 boggarts (D:15)
  4 phantoms
  10 centaurs
  23 ogres
  6 wolves (Lair:2)
  14 crocodiles
  15 bullfrogs
  7 big kobolds
  An earth elemental (Volcano)
  5 scorpions
  4 wyvern skeletons
  10 killer bees
  8 wights
  4 electric eels
  5 howler monkeys
  3 crimson imps
  2 bullfrog zombies
  A quasit (D:9)
  4 centaur zombies
  9 centaur skeletons
  6 jellies
  15 orc priests
  A gnoll shaman (D:4)
  9 hounds
  13 iguanas
  44 orc wizards
  5 bullfrog skeletons
  Jessica (D:3)
  14 worker ants
  A hound zombie (D:6)
  A worker ant zombie (D:9)
  A howler monkey skeleton (D:8)
  20 adders
  11 gnolls
  5 shadow imps
  3 adder skeletons
  An adder zombie (D:8)
  15 worms
  3 dart slugs
  10 leopard geckos
  89 orcs
  5 giant cockroaches
  6 goblins
  8 hobgoblins
  14 jackals
  23 kobolds
  5 quokkas
  11 bats
  8 frilled lizards
  A jackal skeleton (D:8)
  2 quokka skeletons
  16 rats
  A fire vortex (Volcano)
  A fungus (D:4)
  3 plants
1038 creatures vanquished.

Vanquished Creatures (collateral kills)
  A merfolk javelineer (Shoals:2)
  A rakshasa (D:14)
  A skeletal warrior (D:14)
  A snapping turtle (Shoals:2)
  A hog (Shoals:1)
  An orc warrior (D:14)
  A centaur (Shoals:2)
7 creatures vanquished.

Vanquished Creatures (others)
  An unseen horror (D:13)
  A centaur zombie (D:13)
  2 spiny frogs
  A tarantella (Spider:4)
  A redback (Lair:2)
  A wolf (Lair:2)
  A killer bee (D:8)
  An adder (Lair:3)
  An orc (D:14)
  A fire vortex (Volcano)
  15 fungi
  14 plants
40 creatures vanquished.

Grand Total: 1085 creatures vanquished

Notes
Turn   | Place    | Note
-------+----------+-------------------------------------------
     0 | D:1      | Lavandula the Merfolk Monk began the quest for the Orb.
     0 | D:1      | Reached XP level 1. HP: 18/18 MP: 1/1
    56 | D:1      | Reached skill level 5 in Polearms
   265 | D:1      | Reached XP level 2. HP: 24/24 MP: 2/2
   642 | D:1      | Reached XP level 3. HP: 29/29 MP: 3/3
  1278 | D:2      | Noticed Sigmund
  1569 | D:3      | Reached XP level 4. HP: 35/35 MP: 4/4
  1680 | D:3      | Noticed Jessica
  1694 | D:3      | Killed Jessica
  1694 | D:3      | Reached skill level 5 in Dodging
  1862 | D:3      | Found a hazy altar of Hepliaklqana.
  1973 | D:3      | Learned a level 2 spell: Blink
  2463 | D:3      | Reached skill level 6 in Dodging
  2463 | D:3      | Reached XP level 5. HP: 40/41 MP: 5/5
  2940 | D:4      | Reached XP level 6. HP: 30/47 MP: 6/6
  3092 | D:3      | Reached skill level 1 in Armour
  3140 | D:4      | Reached skill level 1 in Evocations
  3193 | D:4      | Found a blossoming altar of Fedhas.
  3408 | D:4      | Reached XP level 7. HP: 42/52 MP: 7/9
  3452 | D:4      | Noticed Zaque's ghost (amateur TeAE)
  3467 | D:4      | Learned a level 3 spell: Mephitic Cloud
  3516 | D:4      | Found Poleipt's Jewellery Shoppe.
  4130 | D:5      | Entered Level 5 of the Dungeon
  4135 | D:5      | Noticed Eustachio
  4217 | D:5      | Killed Eustachio
  4217 | D:5      | Reached skill level 10 in Polearms
  4217 | D:5      | Reached XP level 8. HP: 57/58 MP: 11/11
  4355 | D:5      | Noticed Prince Ribbit
  4370 | D:5      | Killed Prince Ribbit
  4822 | D:5      | Noticed Naow's ghost (amateur DsMo)
  4893 | D:5      | Killed Naow's ghost
  4893 | D:5      | Reached XP level 9. HP: 32/64 MP: 12/12
  5192 | D:5      | Reached skill level 7 in Dodging
  5219 | D:5      | Noticed Edmund
  5238 | D:5      | Killed Edmund
  5279 | D:5      | Reached skill level 8 in Dodging
  5459 | D:6      | Found a shattered altar of Ashenzari.
  6156 | D:7      | Got an ancient cloak
  6162 | D:7      | Identified the +0 cloak of the Sacrificial Victim {MR+ Str+2 Int-2} (You found it on level 7 of the Dungeon)
  6259 | D:7      | Reached skill level 9 in Dodging
  6532 | D:7      | Found a staircase to the Ecumenical Temple.
  6598 | Temple   | Entered the Ecumenical Temple
  6694 | Temple   | Became a worshipper of Ru the Awakened
  6707 | Temple   | Gained mutation: You cannot study or cast Earth magic. [Ru sacrifice]
  6707 | Temple   | Gained mutation: You cannot study or cast Hexes magic. [Ru sacrifice]
  6707 | Temple   | Gained mutation: You cannot study or cast Translocations magic. [Ru sacrifice]
  6707 | Temple   | Reached * piety under Ru
  6770 | D:7      | Reached skill level 10 in Dodging
  7097 | D:8      | Found a stormy altar of Qazlal.
  7165 | D:8      | Reached skill level 11 in Dodging
  7492 | D:8      | Got a faintly humming leather armour
  7504 | D:8      | Identified the +3 leather armour "Xoan" {rElec MP+9} (You found it on level 8 of the Dungeon)
  7550 | D:8      | Reached skill level 12 in Dodging
  7550 | D:8      | Reached XP level 10. HP: 63/70 MP: 13/13
  7805 | D:8      | Reached skill level 13 in Dodging
  8129 | D:9      | Learned a level 2 spell: Call Imp
  8382 | D:9      | Noticed Lexie's ghost (novice DsMo)
  8545 | D:2      | Noticed Sigmund
  8545 | D:2      | Sigmund changed into Sigmund the steam dragon
  8693 | D:2      | Killed Sigmund the steam dragon
  8846 | D:2      | Gained mutation: You cannot drink potions while threatened. [Ru sacrifice]
  8846 | D:2      | Reached ** piety under Ru
  9080 | D:2      | Noticed a moth of wrath
  9083 | D:2      | Found a bloodstained altar of Trog.
  9534 | D:4      | Killed Zaque's ghost
  9534 | D:4      | Reached skill level 14 in Dodging
  9684 | D:9      | Killed Lexie's ghost
 10098 | D:9      | Found an ancient bone altar of Kikubaaqudgha.
 10146 | D:9      | Found an iron altar of Okawaru.
 10148 | D:9      | Found a glowing silver altar of Zin.
 10148 | D:9      | Found a stormy altar of Qazlal.
 10150 | D:9      | Found an iron altar of Okawaru.
 10150 | D:9      | Found a bloodstained altar of Trog.
 10150 | D:9      | Found a shimmering altar of Xom.
 10190 | D:9      | Found a burning altar of Makhleb.
 10492 | D:10     | Entered Level 10 of the Dungeon
 10641 | D:9      | Reached skill level 5 in Fighting
 10921 | D:10     | Found Aleigi's Armour Shop.
 10921 | D:10     | Found a staircase to the Orcish Mines.
 11000 | D:10     | Identified the Grimoire of Plaster Cramp
 11056 | D:10     | Reached XP level 11. HP: 81/81 MP: 14/14
 11291 | D:10     | Identified the Volume of Sand
 11298 | D:10     | Identified the Tome of Combed Thunderclap
 11327 | D:10     | Gained mutation: You have somewhat slow reflexes. (EV -5) [Ru sacrifice]
 11327 | D:10     | Reached *** piety under Ru
 11327 | D:10     | Reached **** piety under Ru
 11441 | D:11     | Noticed a wizard
 11450 | D:11     | Killed a wizard
 11535 | D:11     | Noticed a cyan ugly thing
 11546 | D:11     | Noticed a brown ugly thing
 11561 | D:11     | Killed a cyan ugly thing
 11579 | D:11     | Killed a brown ugly thing
 11819 | D:11     | Noticed a wizard
 11837 | D:11     | Killed a wizard
 11967 | D:11     | Noticed a six-headed hydra
 12349 | D:11     | Noticed a manticore
 12350 | D:11     | Found a staircase to the Lair.
 12364 | D:11     | Killed a manticore
 12391 | Lair:1   | Entered Level 1 of the Lair of Beasts
 12407 | Lair:1   | Learned a level 3 spell: Conjure Flame
 12526 | Lair:1   | Noticed Fannar
 12543 | Lair:1   | Killed Fannar
 13112 | Lair:2   | Noticed a five-headed hydra
 13329 | Lair:2   | Reached skill level 10 in Fighting
 13460 | Lair:2   | Reached XP level 12. HP: 84/98 MP: 15/15
 13689 | Lair:2   | Killed a five-headed hydra
 13689 | Lair:2   | Reached skill level 15 in Dodging
 13902 | Lair:2   | Found a hole to the Spider Nest.
 14536 | Lair:2   | Reached skill level 1 in Spellcasting
 14784 | Lair:3   | Learned a level 3 spell: Ozocubu's Armour
 15100 | Lair:3   | Found a sparkling altar of Nemelex Xobeh.
 15760 | Lair:3   | Reached skill level 5 in Spellcasting
 16192 | Lair:3   | Reached skill level 1 in Conjurations
 16670 | Lair:4   | Noticed a five-headed hydra
 16811 | Lair:4   | Noticed a five-headed hydra
 16811 | Lair:4   | Noticed a great orb of eyes
 16811 | Lair:4   | a five-headed hydra changed into a great orb of eyes
 16829 | Lair:4   | Killed a great orb of eyes
 16932 | Lair:4   | Noticed a catoblepas
 16932 | Lair:4   | a five-headed hydra changed into a catoblepas
 16953 | Lair:4   | Killed a catoblepas
 16953 | Lair:4   | Reached XP level 13. HP: 72/104 MP: 21/21
 17113 | Lair:4   | Found a staircase to the Shoals.
 17136 | Lair:4   | Reached skill level 16 in Dodging
 17903 | Lair:4   | Reached skill level 17 in Dodging
 17985 | Lair:4   | Learned a level 2 spell: Corpse Rot
 18003 | Lair:4   | Got a spiked leather armour
 18014 | Lair:4   | Identified the +3 leather armour "Hothrywno" {*Corrode rN++} (You found it on level 4 of the Lair of Beasts)
 18186 | Lair:5   | Found a dark tunnel.
 18288 | Volcano  | Entered a volcano
 19650 | Lair:5   | Reached skill level 18 in Dodging
 20943 | D:12     | Gained mutation: You are somewhat unskilled. (-1 Apt) [Ru sacrifice]
 20943 | D:12     | Reduced skill Dodging to level 17
 20943 | D:12     | Reached ***** piety under Ru
 21344 | D:12     | Learned a level 4 spell: Summon Lightning Spire
 21823 | D:13     | Reached XP level 14. HP: 71/108 MP: 21/21
 21827 | D:13     | Reached skill level 5 in Evocations
 22218 | D:14     | Found a snail-covered altar of Cheibriados.
 22362 | D:14     | Reached skill level 18 in Dodging
 23407 | D:14     | Reached skill level 19 in Dodging
 23718 | D:14     | Gained mutation: You are agile. (Dex +2) [mutagenic meat]
 23719 | D:14     | Gained mutation: Your muscles are strong. (Str +2) [mutagenic meat]
 23909 | D:14     | Gained mutation: Your cowardice makes you less effective in combat with threatening monsters. [Ru sacrifice]
 23909 | D:14     | Reached ****** piety under Ru
 24068 | Temple   | Fell from the grace of Ru
 24068 | Temple   | Became a worshipper of Dithmenos the Shadowed
 24175 | Orc:1    | Entered Level 1 of the Orcish Mines
 24532 | Orc:1    | Reached * piety under Dithmenos
 24655 | Orc:2    | Entered Level 2 of the Orcish Mines
 24916 | Orc:2    | Found a staircase to the Elven Halls.
 24918 | Orc:2    | Noticed an orc warlord
 25129 | Orc:1    | Reached skill level 10 in Fighting
 25182 | Orc:2    | Paralysed by an orc sorcerer for 6 turns
 25691 | Orc:2    | Reached ** piety under Dithmenos
 25790 | Orc:2    | Paralysed by an orc sorcerer for 6 turns
 25816 | Orc:2    | Reached skill level 1 in Air Magic
 26006 | Orc:2    | Found an ancient bone altar of Kikubaaqudgha.
 26008 | Orc:2    | Noticed Nergalle
 26022 | Orc:2    | Killed Nergalle
 26022 | Orc:2    | Reached skill level 1 in Poison Magic
 26082 | Orc:2    | Found Zeok's Antique Weapon Emporium.
 26130 | Orc:2    | Found a radiant altar of Vehumet.
 26150 | Orc:2    | Reached *** piety under Dithmenos
 26151 | Orc:2    | Found a roughly hewn altar of Beogh.
 26151 | Orc:2    | Found Leniacu's Book Shoppe.
 26242 | Orc:2    | Found Hautod's Distillery.
 26247 | Orc:2    | Reached XP level 15. HP: 109/115 MP: 22/22
 26253 | Orc:2    | Bought a potion of haste for 180 gold pieces
 26253 | Orc:2    | Bought 2 potions of heal wounds for 180 gold pieces
 26253 | Orc:2    | Bought 2 potions of brilliance for 144 gold pieces
 26253 | Orc:2    | Bought a potion of cancellation for 144 gold pieces
 26253 | Orc:2    | Bought a potion of degeneration for 18 gold pieces
 26253 | Orc:2    | Bought a potion of ambrosia for 144 gold pieces
 26283 | Orc:2    | Found Bashrivi's Antique Weapon Shoppe.
 26302 | Orc:2    | Bought a jewelled quarterstaff for 198 gold pieces
 26302 | Orc:2    | Bought a runed dagger for 110 gold pieces
 26303 | Orc:2    | Identified the +5 quarterstaff "Leum" {crush, rF+ rC+} (You bought it in a shop on level 2 of the Orcish Mines)
 26604 | Orc:2    | Killed an orc warlord
 26628 | Orc:2    | Bought a potion of brilliance for 72 gold pieces
 26628 | Orc:2    | Bought a potion of haste for 180 gold pieces
 26628 | Orc:2    | Bought a potion of might for 72 gold pieces
 26628 | Orc:2    | Bought a potion of curing for 54 gold pieces
 26628 | Orc:2    | Bought a potion of haste for 180 gold pieces
 26628 | Orc:2    | Bought a potion of agility for 72 gold pieces
 27197 | Lair:1   | Learned a level 6 spell: Deflect Missiles
 27255 | Lair:5   | Reached **** piety under Dithmenos
 27593 | Lair:6   | Entered Level 6 of the Lair of Beasts
 28508 | Lair:6   | Reached skill level 5 in Stealth
 28514 | Lair:6   | Found a viscous altar of Jiyva.
 28515 | Lair:6   | Found a staircase to the Slime Pits.
 28770 | Lair:6   | Reached skill level 5 in Air Magic
 28906 | Lair:6   | Found a large runed door.
 28914 | Lair:6   | Found a large runed door.
 28923 | Lair:6   | Reached ***** piety under Dithmenos
 28923 | Lair:6   | Reached skill level 1 in Short Blades
 29172 | Shoals:1 | Entered Level 1 of the Shoals
 29450 | Shoals:1 | Reached skill level 1 in Summonings
 30686 | D:13     | Learned a level 5 spell: Summon Demon
 30967 | D:14     | Gained mutation: You are covered in fur. (AC +1) [mutagenic meat]
 31198 | D:14     | Noticed Rupert
 31210 | D:14     | Paralysed by Rupert for 3 turns
 31235 | D:14     | Killed Rupert
 31235 | D:14     | Reached skill level 5 in Summonings
 31235 | D:14     | Reached XP level 16. HP: 122/122 MP: 7/25
 31402 | D:14     | Noticed Azrael
 31462 | D:15     | Entered Level 15 of the Dungeon
 32094 | D:14     | Found a gate to the Vaults.
 33077 | D:15     | HP: 2/122 [ice dragon/blast of cold (54)]
 33426 | D:15     | Noticed Agnes
 33439 | D:15     | Killed Agnes
 33841 | D:15     | Found a staircase to the Depths.
 34304 | D:4      | Bought a +4 ring of slaying for 936 gold pieces
 34709 | Shoals:1 | Reached ****** piety under Dithmenos
 34896 | Shoals:2 | Noticed Kirke
 35037 | Shoals:1 | Killed Kirke
 35037 | Shoals:1 | Reached skill level 10 in Summonings
 35425 | Shoals:2 | Found Qoux's Assorted Antiques.
 35455 | Shoals:2 | Found Cyusuec's Magic Scroll Emporium.
 35489 | Shoals:2 | Reached skill level 1 in Throwing
 35625 | Shoals:2 | Bought a scroll of teleportation for 36 gold pieces
 35764 | Shoals:2 | Found Fazib's Food Shoppe.
 36124 | Shoals:2 | Reached skill level 5 in Throwing
 36224 | Shoals:2 | Reached XP level 17. HP: 128/128 MP: 26/26
 37994 | Shoals:4 | Entered Level 4 of the Shoals
 38018 | Shoals:4 | Noticed Polyphemus
 38235 | Spider:1 | Entered Level 1 of the Spider Nest
 38795 | Spider:1 | Noticed Nikola
 39026 | Spider:1 | Noticed Asterion
 39055 | Spider:1 | Killed Asterion
 39206 | Spider:2 | Reached skill level 1 in Shields
 40741 | Spider:3 | Reached skill level 5 in Shields
 40801 | Spider:4 | Entered Level 4 of the Spider Nest
 41096 | Spider:4 | Noticed Louise
 41174 | Spider:4 | Identified the Collected Works on Creative Evil Arts
 41260 | Spider:4 | Slain by a wolf spider

Skill      XL: |  1  2  3  4  5  6  7  8  9 10 11 12 13 14 15 16 17 |
---------------+----------------------------------------------------+-----
Polearms       | 5 6 7 10 12 14 14 | 14.0
Dodging        | 6 12 14 15 17 19 | 19.4
Armour         | 1 3 4 |  4.1
Evocations     | 3 4 4 5 |  5.8
Fighting       | 6 10 9 10 | 10.2
Spellcasting   | 5 6 |  6.3
Conjurations   | 4 |  4.0
Air Magic      | 3 5 |  5.2
Poison Magic   | 2 4 |  4.4
Stealth        | 5 |  5.3
Short Blades   | 2 |  2.5
Summonings     | 5 10 | 10.4
Throwing       | 5 9 |  9.2
Shields        | 6 |  6.2

Action                   |  1- 3 |  4- 6 |  7- 9 | 10-12 | 13-15 | 16-18 || total
-------------------------+-------+-------+-------+-------+-------+-------++-------
Melee: Spear             |   141 |   310 |   522 |   565 |       |       ||  1538
       Trident           |       |       |       |   829 |  2402 |   918 ||  4149
       Tailslap          |       |       |       |    15 |    45 |    45 ||   105
       Unarmed           |       |       |       |       |       |     1 ||     1
       Demon trident     |       |       |       |       |       |   482 ||   482
Throw: Tomahawk          |       |     5 |       |     1 |       |       ||     6
       Stone             |       |     1 |       |       |       |       ||     1
       Throwing net      |       |       |     2 |       |       |     2 ||     4
       Javelin           |       |       |     1 |     8 |    37 |   173 ||   219
 Cast: Mephitic Cloud    |       |       |       |       |    25 |    10 ||    35
       Summon Demon      |       |       |       |       |       |    12 ||    12
       Summon Lightning  |       |       |       |       |       |     7 ||     7
       Corpse Rot        |       |       |       |       |       |     1 ||     1
Invok: Sacrifice Arcana  |       |       |     1 |       |       |       ||     1
       Sacrifice Drink   |       |       |       |     1 |       |       ||     1
       Power Leap        |       |       |       |     6 |     4 |       ||    10
       Draw Out Power    |       |       |       |     6 |     9 |       ||    15
       Sacrifice Health  |       |       |       |     1 |       |       ||     1
       Reject Sacrifices |       |       |       |     1 |       |       ||     1
       Sacrifice Skill   |       |       |       |       |     1 |       ||     1
       Apocalypse        |       |       |       |       |     4 |       ||     4
       Sacrifice Courage |       |       |       |       |     1 |       ||     1
Evoke: Wand              |       |       |     1 |    35 |    18 |     6 ||    60
       Fan of gales      |       |       |       |     1 |     2 |     1 ||     4
       Phial of floods   |       |       |       |       |     3 |     4 ||     7
  Use: Potion            |       |     2 |     2 |     2 |     1 |     1 ||     8
       Scroll            |       |       |    14 |     8 |    17 |    14 ||    53
 Stab: Sleeping          |     4 |     6 |     5 |     9 |    11 |    28 ||    63
       Held in net/web   |       |       |     4 |       |       |     1 ||     5
       Paralysed         |       |       |       |     9 |    12 |       ||    21
       Distracted        |       |       |       |     8 |    11 |    17 ||    36
       Confused          |       |       |       |     5 |    32 |    14 ||    51
       Invisible         |       |       |       |     2 |    15 |       ||    17
       Petrified         |       |       |       |       |       |    11 ||    11
  Eat: Chunk             |     2 |     2 |     4 |    29 |    48 |    28 ||   113
       Meat ration       |       |     1 |     2 |     1 |     1 |     1 ||     6
       Royal jelly       |       |       |       |     1 |       |     1 ||     2
       Bread ration      |       |       |       |       |       |     2 ||     2
       Fruit             |       |       |       |       |       |     1 ||     1
Armor: Robe              |     9 |     3 |       |       |       |       ||    12
       Leather armour    |       |    21 |     1 |   162 |   117 |       ||   301
       Skin              |       |    51 |    14 |    36 |       |       ||   101
       Ring mail         |       |    20 |    44 |       |       |       ||    64
       Scale mail        |       |       |    20 |       |       |       ||    20
       Chain mail        |       |       |       |       |     3 |       ||     3
       Troll leather arm |       |       |       |       |   122 |   168 ||   290
Dodge: Dodged            |    61 |   160 |   190 |   665 |  1450 |  1243 ||  3769
